 Dungeon Crawl Stone Soup version 0.18-a0-19-g8b99b3a (webtiles) character file.

1671 axujen the Transmogrifier (level 9, -4/59 HPs)
             Began as a Merfolk Transmuter on Nov 1, 2015.
             Was a Follower of Okawaru.
             Slain by a sky beast (5 damage)
             ... on level 5 of the Dungeon.
             The game lasted 00:21:37 (11808 turns).

axujen the Transmogrifier (Merfolk Transmuter)     Turns: 11808, Time: 00:21:37

Health: -4/59      AC:  2    Str: 10    XL:     9   Next: 1%
Magic:  10/19      EV: 13    Int: 13    God:    Okawaru [*.....]
Gold:   275        SH:  0    Dex: 17    Spells: 3 memorised, 13 levels left

rFire  + . .     SeeInvis .       - Unarmed
rCold  . . .     Clarity  .     b - +0 robe
rNeg   + . .     SustAt   +     (shield currently unavailable)
rPois  .         Gourm    .     (no helmet)
rElec  .         Spirit   .     (no cloak)
rCorr  .         Warding  +     (gloves currently unavailable)
rMut   .         Stasis   .     (no boots)
MR     .....                    n - amulet of warding
Stlth  ++........               x - ring of sustain attributes
                                u - ring of protection from fire

@: blade hands, flying, very slightly contaminated, not resistant to hostile
enchantments, unstealthy
A: change form in water, swift swim
a: End Transformation, Heroism, Renounce Religion


You were on level 5 of the Dungeon.
You worshipped Okawaru.
Okawaru was aware of your devotion.
You were near starving.
You had blades for hands.
You visited 2 branches of the dungeon, and saw 7 of its levels.

You collected 275 gold pieces.

Inventory:

Hand Weapons
 q - a +1 blowgun
Missiles
 a - 42 arrows
 f - 128 stones (quivered)
 s - 26 poisoned needles
Armour
 b - a +0 robe (worn)
 t - a +0 large shield
Jewellery
 n - an amulet of warding (around neck)
 u - a ring of protection from fire (left scythe-like blade)
 x - a ring of sustain attributes (right scythe-like blade)
 C - an uncursed amulet of resist corrosion
 Q - an uncursed amulet of resist mutation {unknown}
 W - the ring "Pisit" {Fire Str+4 Int+3 Stlth-}
   (You found it on level 5 of the Dungeon)

   [ring of fire]

   It enhances your fire magic, and weakens your ice magic.
   It affects your strength (+4).
   It affects your intelligence (+3).
   It protects you from fire.
   It makes you vulnerable to cold.
   It makes you less stealthy.
Wands
 Y - a wand of paralysis (2)
Scrolls
 e - a scroll of magic mapping
 i - a scroll of remove curse
 U - 3 scrolls of identify
 X - a scroll of teleportation
 Z - a scroll of summoning {unknown}
Potions
 v - a potion of magic
 A - 3 potions of cancellation
 F - a potion of cure mutation {!q}
 H - a potion of might
 L - a potion of brilliance {unknown}
 P - a potion of lignification
 R - a potion of ambrosia {unknown}
 T - a potion of haste {unknown}
Books
 c - a book of Changes

   Spells                             Type                      Level
   a - Beastly Appendage              Transmutation                1
   b - Sticks to Snakes               Transmutation                2
   c - Spider Form                    Transmutation/Poison         3
   d - Ice Form                       Ice/Transmutation            4
   e - Blade Hands                    Transmutation                5
 K - a Fen Folio

   Spells                             Type                      Level
   a - Corpse Rot                     Necromancy                   2
   b - Stone Arrow                    Conjuration/Earth            3
   c - Leda's Liquefaction            Hexes/Earth                  4
   d - Summon Forest                  Summoning/Translocation      5
   e - Hydra Form                     Transmutation                6
   f - Summon Hydra                   Summoning                    7
Comestibles
 d - 6 bread rations
 M - 2 meat rations


   Skills:
 - Level 1.1 Fighting
 - Level 2.6 Dodging
 + Level 5.7 Unarmed Combat
 - Level 7.0 Spellcasting
 - Level 9.1 Transmutations
 - Level 2.6 Poison Magic


You had 13 spell levels left.
You knew the following spells:

 Your Spells              Type           Power        Failure   Level  Hunger
H - Beastly Appendage     Trmt           ####..       12%         1    None
J - Spider Form           Trmt/Pois      ###.......   32%         3    ##.....
L - Blade Hands           Trmt           ####......   50%         5    ######.


Dungeon Overview and Level Annotations

Branches:
Dungeon (6/15)             Temple (1/1) D:4

Altars:
Cheibriados
Dithmenos
Elyvilon
Fedhas
Gozag
Makhleb
Nemelex Xobeh
Okawaru
Qazlal
Ru
Sif Muna
Trog
Vehumet
Xom
Yredelemnul
Zin
The Shining One


Message History

Something shocks you.
* * * LOW HITPOINT WARNING * * *
Unknown command.
Drink which item? (? for menu, Esc to quit)
You feel better. Something hits you.
* * * LOW HITPOINT WARNING * * *
Something shocks you.
* * * LOW HITPOINT WARNING * * *
Unknown command.
Read which item? (? for menu, Esc to quit)
Okay, then.
Read which item? (? for menu, Esc to quit)
Okay, then.
Drink which item? (? for menu, Esc to quit)
It was a potion of flight.
You feel very buoyant.
You fly up into the air.
Something hits you.
* * * LOW HITPOINT WARNING * * *
Something shocks you.
You die...

#.#......##..#...######........
#.###........##.## #####.###
#.....#..######## #.#
#######....##...## #.#
##.###⌠.<.⌠## #.## #..#.......#
#..# ####......⌠.>.# ####.#
##.##.##...{...### ##.##.#
##...#.###⌠.m.⌠##.####...#.##
#.......'##...##..'..........
##...#.##.#####...####......#
##.##.###.......## ##......
####.# ##.....## ##..... #...#
##...## #..... #.#.# ##'##
##...# #...# #.# #.### ##.##
#.# #.#


There were no monsters in sight!

Vanquished Creatures
  Duvessa (D:5)
  An orc warrior (D:4)
  Purgy (D:3)
  A phantom (D:5)
  2 ice beasts (D:5)
  A giant frog (D:6)
  A scorpion (D:5)
  Dowan (D:5)
  2 giant frog zombies
  A jelly (D:6)
  2 hounds
  2 centaur zombies
  A giant frog skeleton (D:4)
  An orc priest (D:4)
  An orc wizard (D:4)
  A centaur skeleton (D:6)
  2 iguanas (D:5)
  2 worker ants
  Robin (D:4)
  4 gnolls (D:3)
  6 adders
  An ooze (D:4)
  A worm (D:3)
  A giant gecko (D:2)
  13 orcs
  7 bats
  2 giant cockroaches
  20 goblins
  12 hobgoblins
  2 ball pythons
  A ball python skeleton (D:4)
  A giant cockroach zombie (D:1)
  A giant gecko zombie (D:1)
  3 giant newts
  13 jackals
  11 kobolds
  A quokka skeleton (D:5)
  3 rats
128 creatures vanquished.

Notes
Turn   | Place    | Note
--------------------------------------------------------------
     0 | D:1      | axujen the Merfolk Transmuter began the quest for the Orb.
     0 | D:1      | Reached XP level 1. HP: 15/15 MP: 3/3
   387 | D:1      | Reached XP level 2. HP: 11/21 MP: 3/5
   703 | D:1      | Reached skill level 4 in Unarmed Combat
  1418 | D:2      | Reached XP level 3. HP: 24/26 MP: 4/6
  1423 | D:2      | Learned a level 3 spell: Spider Form
  2961 | D:3      | Noticed Purgy
  3123 | D:3      | Reached XP level 4. HP: 23/32 MP: 3/7
  3827 | D:3      | Killed Purgy
  3827 | D:3      | Reached skill level 6 in Transmutations
  3827 | D:3      | Reached XP level 5. HP: 11/37 MP: 5/8
  4072 | D:3      | Reached skill level 1 in Poison Magic
  4284 | D:3      | Reached XP level 6. HP: 40/43 MP: 4/9
  4579 | D:3      | Learned a level 5 spell: Blade Hands
  4817 | D:4      | Found a staircase to the Ecumenical Temple.
  4831 | Temple   | Entered the Ecumenical Temple
  5591 | D:4      | Reached skill level 7 in Transmutations
  6123 | D:4      | Found a bloodstained altar of Trog.
  6125 | D:4      | Found a glowing silver altar of Zin.
  6126 | D:4      | Found an opulent altar of Gozag.
  6127 | D:4      | Found a deep blue altar of Sif Muna.
  6127 | D:4      | Found a snail-covered altar of Cheibriados.
  6128 | D:4      | Found a blossoming altar of Fedhas.
  6501 | D:4      | Reached skill level 8 in Transmutations
  6703 | D:4      | Reached XP level 7. HP: 40/48 MP: 8/10
  6957 | D:4      | Found an iron altar of Okawaru.
  7047 | D:4      | Became a worshipper of Warmaster Okawaru
  7289 | D:4      | Noticed Robin
  7294 | D:4      | Killed Robin
  7789 | D:5      | Entered Level 5 of the Dungeon
  7934 | D:5      | Reached skill level 9 in Transmutations
  8804 | D:5      | Noticed Dowan
  8853 | D:5      | Killed Dowan
  9224 | D:5      | Found a glowing golden altar of the Shining One.
  9668 | D:5      | Noticed Duvessa
  9687 | D:5      | Killed Duvessa
  9687 | D:5      | Reached XP level 8. HP: 54/54 MP: 14/14
  9828 | D:5      | Reached skill level 5 in Spellcasting
  9836 | D:5      | Got a faintly glowing golden ring
  9841 | D:5      | Identified the ring "Pisit" {Fire Str+4 Int+3 Stlth-} (You found it on level 5 of the Dungeon)
 10146 | D:5      | Reached * piety under Okawaru
 10381 | D:6      | Noticed a centaur zombie
 10402 | D:6      | Killed a centaur zombie
 10778 | D:6      | Reached skill level 5 in Unarmed Combat
 11344 | D:6      | Reached XP level 9. HP: 54/59 MP: 19/19
 11808 | D:5      | HP: 1/59 [something (3)]
 11808 | D:5      | Slain by a sky beast

Vault maps used:
D:1:      saegor_arrival_fortress
D:3:      uniq_purgy
D:4:      kennysheep_goblin_castle, kennysheep_little_box,
          grunt_temple_overflow_open, minmay_temple_entry_junction, first_bread,
          dk_noncrumbling_4, guppyfry_early_orc_mine
D:5:      nicolae_overflow_crystal_walls, grunt_ministairs_7, uniq_duvessa
Temple:   jpeg_temple_clearing_9

Action                   |  1- 3 |  4- 6 |  7- 9 || total
-------------------------+-------+-------+-------++-------
Melee: Unarmed           |   165 |   147 |   192 ||   504
 Fire: Blowgun           |       |     5 |     3 ||     8
 Cast: Beastly Appendage |    15 |     5 |    11 ||    31
       Spider Form       |     3 |    10 |       ||    13
       Blade Hands       |       |     1 |    15 ||    16
  Use: Scroll            |     3 |     2 |    12 ||    17
       Potion            |     2 |       |     5 ||     7
 Stab: Sleeping          |     1 |     1 |       ||     2
       Invisible         |     1 |       |       ||     1
  Eat: Chunk             |     4 |    12 |     8 ||    24
       Meat ration       |     1 |       |     3 ||     4
